 Dungeon Crawl Stone Soup version 0.31-a0-702-gf82c85558f (webtiles) character file.

Game seed: 10904488522733256598

411 qw the Shooter (level 6, -2/39 HPs)
             Began as a Gargoyle Hunter on Sept 8, 2023.
             Engulfed by a steam dragon's steam (3 damage)
             ... on level 7 of the Dungeon.
             The game lasted 00:01:01 (2337 turns).

qw the Shooter (Gargoyle Hunter)                    Turns: 2337, Time: 00:01:01

Health: -2/39      AC: 11    Str: 15    XL:     6   Next: 90%
Magic:  0/6        EV: 11    Int:  9    God:
Gold:   24         SH:  0    Dex: 15    Spells: 5/5 levels left

rFire   . . .        Y - +0 shortbow
rCold   + . .        (shield currently unavailable)
rNeg    + . .        l - +0 ring mail
rPois   inf          (no helmet)
rElec   +            (no cloak)
rCorr   .            o - +1 pair of gloves
SInv    .            (no boots)
Will    .....        i - amulet of guardian spirit
Stlth   +            e - ring of protection from cold
HPRegen 0.26/turn    (no ring)
MPRegen 0.10/turn

%: guardian spirit
@: no status effects
A: sickness immunity, AC +4, negative energy resistance 1, electricity
resistance, torment resistance 1, petrification resistance
a: no special abilities


You were on level 7 of the Dungeon.
You visited 1 branch of the dungeon, and saw 6 of its levels.

You collected 147 gold pieces.
You spent 123 gold pieces at shops.


Innate Abilities, Weirdness & Mutations

You are immune to sickness and miasma.
Your stone body is resilient. (AC +4)
You are immune to poison.
You resist negative energy. (rN+)
You are resistant to electric shocks. (rElec)
You are resistant to unholy torment.
You are immune to petrification.


   Skills:
 - Level 4.4 Fighting
 + Level 7.0 Ranged Weapons
 - Level 1.1 Armour
 - Level 1.5 Dodging
 - Level 1.1 Stealth


You had 5 spell levels left.
You didn't know any spells.
Your spell library was empty.

Inventory:

Hand Weapons
 Y - a +0 shortbow (weapon)
Armour
 l - a +0 ring mail (worn)
 o - a +1 pair of gloves (worn)
Jewellery
 e - a ring of protection from cold (left hand)
 i - an amulet of guardian spirit (around neck)
Scrolls
 p - a scroll of identify
Potions
 a - a potion of might
 b - a potion of invisibility {unknown}
 d - a potion of haste {unknown}
 k - a potion of lignification {unknown}
 m - a potion of degeneration {unknown}

Dungeon Overview and Level Annotations

Branches:
Dungeon (7/15)
 Temple: D:4-7

Altars:
Elyvilon
Xom

Shops:
D:4 ?


Message History

You hear an angry hiss.
You hear a bark!
You shoot an arrow. The arrow hits the steam dragon.
The steam dragon is severely wounded.
The steam dragon misses you. The steam dragon barely misses you.
You shoot an arrow.
The arrow hits the steam dragon but does no damage.
The steam dragon is severely wounded.
The steam dragon breathes steam at you. The ball of steam misses you.
You shoot an arrow.
The arrow closely misses the steam dragon.
The steam dragon bites you but does no damage.
The steam dragon barely misses you.
A steam dragon comes into view.
Enter note:
Enter note:
Enter note: You shoot an arrow.
The arrow hits the steam dragon.
The steam dragon is severely wounded.
The steam dragon bites you but does no damage.
The steam dragon closely misses you.
You shoot an arrow. The arrow hits the steam dragon.
The steam dragon is almost dead.
The steam dragon barely misses you. x2
The steam dragon breathes steam at you. The ball of steam hits you!
You hear a bark!
You shoot an arrow.
The arrow hits the steam dragon but does no damage.
The steam dragon is almost dead.
You are engulfed in a cloud of scalding steam.
The steam dragon closely misses you. The steam dragon barely misses you.
The steam dragon closely misses you. The steam dragon claws you.
The steam dragon closely misses you. x2
The steam dragon bites you but does no damage.
The steam dragon claws you but does no damage.
You shoot an arrow.
The arrow barely misses the steam dragon.
You are engulfed in a cloud of scalding steam.
You die...

#...............
#..^............
#./.....<....... ....
####............ ...
#.............. ...
#..#............ ##..
#..#............##..# .
#...#D...........#..##.
#..##.@###........>.#..
#....##D#.##....##..<..#
.....#
#)...............# .....
...##....#>....... ...
..#......#....##..
..........##.......
#.##......!......#. ##
......#.........
.....##!........


You could see 2 steam dragons.

Vanquished Creatures
  An ogre (D:7)
  A centaur (D:7)
  A bullfrog (D:7)
  A sleepcap (D:7)
  Jessica (D:3)
  An orc wizard (D:7)
  A gnoll (D:4)
  2 adders
  An ufetubus (D:4)
  A worm (D:2)
  6 dart slugs
  3 orcs
  4 bats
  5 endoplasms
  3 giant cockroaches
  2 goblins
  7 hobgoblins
  4 quokkas
  3 ball pythons (D:2)
  3 frilled lizards
  6 kobolds
  6 rats
63 creatures vanquished.

Notes
Turn   | Place    | Note
-------+----------+-------------------------------------------
     0 | D:1      | qw the Gargoyle Hunter began the quest for the Orb.
     0 | D:1      | Reached XP level 1. HP: 12/12 MP: 1/1
     0 | D:1      | 0 ||| qw: Version: 0.3-a-76-g4403597
     0 | D:1      | 0 ||| qw: Game counter: 1004
     0 | D:1      | 0 ||| qw: Melee chars always use a shield: true
     0 | D:1      | 0 ||| qw: God list: Okawaru
     0 | D:1      | 0 ||| qw: Allow faded altars: false
     0 | D:1      | 0 ||| qw: Do Orc after clearing Dungeon:15 true
     0 | D:1      | 0 ||| qw: Do second Lair branch before Depths: true
     0 | D:1      | 0 ||| qw: Lair rune preference: random
     0 | D:1      | 0 ||| qw: Goals: Normal
     0 | D:1      | 0 ||| PLANNING D:1-11
    99 | D:1      | Reached XP level 2. HP: 17/17 MP: 2/2
   377 | D:1      | Reached XP level 3. HP: 21/21 MP: 3/3
   422 | D:1      | 422 ||| UPGRADING to amulet of guardian spirit.
   427 | D:1      | 427 ||| UPGRADING to ring of protection from cold.
   428 | D:1      | 428 ||| READING scroll labelled TOETRI QOANN.
   429 | D:1      | 429 ||| READING scroll labelled JIAKUE TORISUQ.
   430 | D:1      | 430 ||| READING scroll labelled FEENILAYRGH.
   431 | D:1      | 431 ||| DROPPING scroll of butterflies.
   496 | D:2      | Reached skill level 5 in Ranged Weapons
  1010 | D:2      | Reached skill level 3 in Fighting
  1091 | D:2      | 1091 ||| READING scroll labelled BIHYUG GEGIPS.
  1128 | D:3      | Reached XP level 4. HP: 26/28 MP: 2/4
  1254 | D:3      | Found a white marble altar of Elyvilon.
  1255 | D:3      | Found a shimmering altar of Xom.
  1564 | D:3      | Noticed Jessica
  1569 | D:3      | Killed Jessica
  1695 | D:3      | Found a faded altar of an unknown god.
  1810 | D:3      | 1810 ||| UPGRADING to +0 ring mail.
  1820 | D:3      | 1820 ||| DROPPING +0 leather armour.
  1821 | D:3      | 1821 ||| UPGRADING to +0 pair of gloves.
  1826 | D:3      | 1826 ||| READING scroll labelled ANUOPI KOIKH.
  1831 | D:3      | 1831 ||| READING scroll labelled KUPNESHO HIERGH.
  1832 | D:3      | 1832 ||| DRINKING 2 green potions.
  1845 | D:4      | Found Zuteije's Magic Scroll Shop.
  1848 | D:4      | Reached XP level 5. HP: 32/32 MP: 5/5
  1854 | D:4      | 1854 ||| BUYING scroll of enchant armour (97 gold).
  1854 | D:4      | Bought a scroll of enchant armour for 97 gold pieces
  1854 | D:4      | 1854 ||| SHOPLISTING scroll of enchant weapon (97 gold,
                  | have 50).
  1854 | D:4      | 1854 ||| BUYING scroll of identify (26 gold).
  1854 | D:4      | Bought a scroll of identify for 26 gold pieces
  1854 | D:4      | 1854 ||| SHOPLISTING scroll of identify (26 gold, have 24).
  1854 | D:4      | 1854 ||| SHOPLISTING scroll of teleportation (39 gold, have
                  | 24).
  1854 | D:4      | 1854 ||| READING scroll of enchant armour.
  1854 | D:4      | 1854 ||| ENCHANTING +0 pair of gloves.
  1886 | D:4      | Reached skill level 1 in Armour
  1931 | D:4      | You fall into a shaft and drop 3 floors!
  2004 | D:7      | Reached skill level 6 in Ranged Weapons
  2072 | D:7      | Noticed an ogre
  2080 | D:7      | Killed an ogre
  2081 | D:7      | Reached XP level 6. HP: 16/39 MP: 2/6
  2175 | D:7      | 2175 ||| DROPPING ring of flight.
  2176 | D:7      | 2176 ||| DRINKING 2 fuming ruby potions.
  2177 | D:7      | 2177 ||| READING 2 scrolls of identify.
  2177 | D:7      | 2177 ||| IDENTIFYING blue potion
  2178 | D:7      | 2178 ||| DROPPING potion of attraction.
  2253 | D:6      | 2253 ||| DRINKING 2 metallic amethyst potions.
  2254 | D:6      | 2254 ||| DROPPING potion of brilliance.
  2293 | D:7      | Reached skill level 7 in Ranged Weapons
  2320 | D:7      | Noticed a steam dragon
  2323 | D:7      | HP: 3/39 [steam dragon/ball of steam (17)]
  2324 | D:7      | 2324 ||| DRINKING 2 potions of heal wounds.
  2327 | D:7      | 2327 ||| DRINKING potion of heal wounds.
  2333 | D:7      | Noticed a steam dragon
  2335 | D:7      | HP: 6/39 [steam dragon/ball of steam (8)]
  2336 | D:7      | HP: 1/39 [steam dragon (3)]
  2337 | D:7      | Engulfed by a steam dragon's steam

Levels and vault maps discovered:
D:1:      ebering_hopf_link, layout_rooms, nrook_uturn
D:2:      layout_loops_ring, minmay_misc_feat_hallway
D:3:      layout_loops_ring, nicolae_overflow_squiral, basic_ecumenical_altar,
          chequers_serial_rivers_micro_e, corexii_item_surrounded_by_moat,
          uniq_jessica
D:4:      layout_basic, mainiacjoe_overflow_surrounded_room, kennysheep_mini,
          cheibrodos_worm_habitat, serial_shops, nicolae_stop_n_shop_2,
          uniq_crazy_yiuf_cottage, uniq_natasha
D:6:      layout_basic, minmay_temple_entry_offerings, serial_shops,
          nicolae_shop_tiny_statue_garden
D:7:      layout_cave_pools, makhleb_blood_cavern_becter

Skill      XL: |  1  2  3  4  5  6 |
---------------+-------------------+-----
Ranged Weapons | 5 6 7 |  7.0
Fighting       | 3 4 |  4.4
Armour         | 1 |  1.1
Dodging        | |  1.5
Stealth        | |  1.1

Action                     |  1- 3 |  4- 6 || total
---------------------------+-------+-------++-------
   Fire: Shortbow          |   116 |   112 ||   228
    Use: Scroll            |     4 |     4 ||     8
         Potion            |       |     5 ||     5
 Armour: Leather armour    |    21 |     4 ||    25
         Ring mail         |       |    51 ||    51
  Dodge: Dodged            |    19 |    25 ||    44

Table legend:
 A = Non-vault XP
 B = Vault XP
 C = Vault XP percentage of total XP
 D = Non-vault monster count
 E = Vault monster count
 F = Vault count percentage of total count
                 A         B        C        D         E       F
            +---------+---------+-------+---------+---------+-------
      Total |     551 |      37 |   6.3 |      62 |       1 |   1.6
            +---------+---------+-------+---------+---------+-------
        D:1 |      38 |       0 |   0.0 |      20 |       0 |   0.0
        D:2 |      43 |       0 |   0.0 |      19 |       0 |   0.0
        D:3 |      40 |      37 |  48.1 |      12 |       1 |   7.7
        D:4 |      23 |       0 |   0.0 |       3 |       0 |   0.0
        D:6 |       3 |       0 |   0.0 |       1 |       0 |   0.0
        D:7 |     404 |       0 |   0.0 |       7 |       0 |   0.0
            +---------+---------+-------+---------+---------+-------
